TOP OF THE 1ST |
Los Angeles (NYP) Dodgers batting - Pitching for West Virginia Black Bears : LHP Phil DeCamp
|
Pitching: LHP Phil DeCamp
|
|
Batting: RHB Roberto Monzon
|
0-0: Ball 1-0: SOLO HOME RUN (Flyball, 7LD, EV 90.6 MPH), Distance : 356 ft
|
Batting: RHB Justin Anastasio
|
0-0: Ball 1-0: Ball 2-0: Foul Ball, location: 2F 2-1: Fly out, F7 (Flyball, 7S, EV 86.2 MPH)
|
Batting: SHB Nate Kopchak
|
0-0: Foul Ball, location: 2F 0-1: Called Strike 0-2: Strikes out looking
|
Batting: RHB Dave Cordero
|
0-0: Foul Ball, location: 2F 0-1: Foul Ball, location: 2F 0-2: Foul Ball, location: 2F 0-2: Ball 1-2: Foul Ball, location: 2F 1-2: SINGLE (Line Drive, 7S, EV 104.4 MPH)
|
Batting: RHB Trevor Conklin
|
0-0: Ball 1-0: Ball 2-0: Called Strike 2-1: Ball 3-1: Swinging Strike 3-2: Fly out, F8 (Flyball, 78M, EV 81.9 MPH)
|
Top of the 1st over - 1 run, 2 hits, 0 errors, 1 left on base; Los Angeles (NYP) 1 - West Virginia 0 |
BOTTOM OF THE 1ST |
West Virginia Black Bears batting - Pitching for Los Angeles (NYP) Dodgers : RHP Derek Ziolkowski
|
Pitching: RHP Derek Ziolkowski
|
|
Batting: RHB Ken Manser
|
0-0: Swinging Strike 0-1: Bunt for hit to 23 - play at first, batter safe!
|
Batting: LHB Gregg Kellerman
|
0-0: Hit by Pitch Ken Manser to second
|
Batting: RHB Etsuro Hosokawa
|
0-0: Called Strike 0-1: Foul Ball, location: 2F 0-2: Ball 1-2: Ball 2-2: Ball 3-2: Strikes out swinging
|
Batting: RHB Brandon White
|
0-0: Foul Ball, location: 2F 0-1: Ball 1-1: SINGLE (Groundball, 6S, EV 72.5 MPH) (infield hit) Ken Manser to third Gregg Kellerman to second
|
Batting: LHB Josh Aerni
|
0-0: Foul Ball, location: 2F 0-1: Swinging Strike 0-2: Foul Ball, location: 2F 0-2: Ball 1-2: Hit by Pitch Ken Manser scores Gregg Kellerman to third Brandon White to second
|
Batting: RHB Rick Pittman
|
0-0: Called Strike 0-1: Called Strike 0-2: Ball 1-2: Strikes out swinging
|
Pinch Hitting: LHB Carlos Vega
|
0-0: Foul Ball, location: 2F 0-1: Ball 1-1: Ball 2-1: Foul Ball, location: 2F 2-2: Ball 3-2: Strikes out swinging
|
Bottom of the 1st over - 1 run, 2 hits, 0 errors, 3 left on base; Los Angeles (NYP) 1 - West Virginia 1 |
TOP OF THE 2ND |
Los Angeles (NYP) Dodgers batting - Pitching for West Virginia Black Bears : LHP Phil DeCamp
|
Now in RF: Ruben Garza
|
|
Batting: RHB Carlos Talavera
|
0-0: Ball 1-0: Ball 2-0: Called Strike 2-1: Fly out, F4 (Line Drive, 4M, EV 66.2 MPH)
|
Batting: RHB Ruben Serrata
|
0-0: Foul Ball, location: 2F 0-1: Ball 1-1: Foul Ball, location: 2F 1-2: Foul Ball, location: 2F 1-2: Foul Ball, location: 2F 1-2: Strikes out swinging, 2-3 out at first.
|
Batting: RHB Nick Massengale
|
0-0: Ball 1-0: Ball 2-0: Foul Ball, location: 2F 2-1: Ground out 6-3 (Groundball, 6, EV 85.6 MPH)
|
Top of the 2nd over - 0 runs, 0 hits, 0 errors, 0 left on base; Los Angeles (NYP) 1 - West Virginia 1 |
BOTTOM OF THE 2ND |
West Virginia Black Bears batting - Pitching for Los Angeles (NYP) Dodgers : RHP Derek Ziolkowski
|
Batting: RHB Terrence Wilson
|
0-0: Ball 1-0: Called Strike 1-1: Ground out 5-3 (Groundball, 5S, EV 72.5 MPH)
|
Batting: RHB Alex Arzate
|
0-0: SINGLE (Groundball, 4D, EV 95.0 MPH)
|
Batting: RHB Ken Manser
|
0-0: Called Strike 0-1: Ball Passed Ball! Alex Arzate to second 1-1: Swinging Strike 1-2: Strikes out looking
|
Batting: LHB Gregg Kellerman
|
0-0: Ball 1-0: Ball 2-0: Ball 3-0: Base on Balls
|
Batting: RHB Etsuro Hosokawa
|
0-0: Ball 1-0: Called Strike 1-1: Swinging Strike 1-2: Foul Ball, location: 2F 1-2: Foul Ball, location: 2F 1-2: Ball 2-2: Strikes out swinging
|
Bottom of the 2nd over - 0 runs, 1 hit, 0 errors, 2 left on base; Los Angeles (NYP) 1 - West Virginia 1 |
TOP OF THE 3RD |
Los Angeles (NYP) Dodgers batting - Pitching for West Virginia Black Bears : LHP Phil DeCamp
|
Batting: LHB Jose Mojica
|
0-0: Ball 1-0: Called Strike 1-1: Ground out 4-3 (Groundball, 4S, EV 73.1 MPH)
|
Batting: RHB Roberto Monzon
|
0-0: Called Strike 0-1: Foul Ball, location: 2F 0-2: Foul Ball, location: 2F 0-2: Ball 1-2: SINGLE (Groundball, 56D, EV 105.0 MPH)
|
Batting: RHB Justin Anastasio
|
0-0: Ball Roberto Monzon steals 2nd base 1-0: Swinging Strike 1-1: Ball 2-1: TRIPLE (Flyball, 89XD, EV 95.0 MPH) Roberto Monzon scores
|
Batting: SHB Nate Kopchak
|
0-0: Ball 1-0: Called Strike 1-1: Fly out, F4 (Popup, 4, EV 63.8 MPH)
|
Batting: RHB Dave Cordero
|
0-0: Ball 1-0: SINGLE (Groundball, 56D, EV 98.1 MPH) Justin Anastasio scores
|
Batting: RHB Trevor Conklin
|
0-0: Foul Ball, location: 2F 0-1: Foul Ball, location: 2F 0-2: Ball 1-2: Foul Ball, location: 2F 1-2: Strikes out looking
|
Top of the 3rd over - 2 runs, 3 hits, 0 errors, 1 left on base; Los Angeles (NYP) 3 - West Virginia 1 |
BOTTOM OF THE 3RD |
West Virginia Black Bears batting - Pitching for Los Angeles (NYP) Dodgers : RHP Derek Ziolkowski
|
Batting: RHB Brandon White
|
0-0: Ground out 5-3 (Groundball, 56, EV 81.2 MPH)
|
Batting: LHB Josh Aerni
|
0-0: Ball 1-0: Foul Ball, location: 2F 1-1: Called Strike 1-2: Ball 2-2: SINGLE (Line Drive, 5D, EV 98.8 MPH)
|
Batting: RHB Rick Pittman
|
0-0: Called Strike 0-1: Grounds into double play, 4-6-3 (Groundball, 4, EV 82.5 MPH)
|
Bottom of the 3rd over - 0 runs, 1 hit, 0 errors, 0 left on base; Los Angeles (NYP) 3 - West Virginia 1 |
TOP OF THE 4TH |
Los Angeles (NYP) Dodgers batting - Pitching for West Virginia Black Bears : LHP Phil DeCamp
|
Batting: RHB Carlos Talavera
|
0-0: Ball 1-0: Fly out, F4 (Popup, 34, EV 77.5 MPH)
|
Batting: RHB Ruben Serrata
|
0-0: Hit by Pitch
|
Batting: RHB Nick Massengale
|
0-0: Called Strike Ruben Serrata steals 2nd base 0-1: Ball 1-1: Ball 2-1: Ball 3-1: Foul Ball, location: 2F 3-2: Strikes out swinging
|
Batting: LHB Jose Mojica
|
0-0: DOUBLE (Line Drive, 9LM, EV 105.6 MPH) Ruben Serrata scores
|
Batting: RHB Roberto Monzon
|
0-0: Fly out, F9 (Flyball, 9D, EV 98.1 MPH)
|
Top of the 4th over - 1 run, 1 hit, 0 errors, 1 left on base; Los Angeles (NYP) 4 - West Virginia 1 |
BOTTOM OF THE 4TH |
West Virginia Black Bears batting - Pitching for Los Angeles (NYP) Dodgers : RHP Derek Ziolkowski
|
Batting: LHB Ruben Garza
|
0-0: Ball 1-0: Ground out 4-3 (Groundball, 4, EV 85.6 MPH)
|
Batting: RHB Terrence Wilson
|
0-0: Called Strike 0-1: Swinging Strike 0-2: Ball 1-2: Ball 2-2: Strikes out swinging
|
Batting: RHB Alex Arzate
|
0-0: Called Strike 0-1: SINGLE (Groundball, 6MD, EV 97.5 MPH)
|
Batting: RHB Ken Manser
|
0-0: Ball 1-0: Hit by Pitch Alex Arzate to second
|
Batting: LHB Gregg Kellerman
|
0-0: Called Strike 0-1: Ball 1-1: Fly out, F7 (Flyball, 7LS, EV 90.0 MPH)
|
Bottom of the 4th over - 0 runs, 1 hit, 0 errors, 2 left on base; Los Angeles (NYP) 4 - West Virginia 1 |
TOP OF THE 5TH |
Los Angeles (NYP) Dodgers batting - Pitching for West Virginia Black Bears : LHP Phil DeCamp
|
Batting: RHB Justin Anastasio
|
0-0: Ball 1-0: Foul Ball, location: 2F 1-1: Ball 2-1: Ball 3-1: Foul Ball, location: 2F 3-2: Foul Ball, location: 2F 3-2: Strikes out swinging
|
Batting: SHB Nate Kopchak
|
0-0: Ball 1-0: Called Strike 1-1: Ball 2-1: Fly out, F9 (Flyball, 9S, EV 88.1 MPH)
|
Batting: RHB Dave Cordero
|
0-0: Ball 1-0: Ball 2-0: SINGLE (Flyball, 56D, EV 90.0 MPH)
|
Batting: RHB Trevor Conklin
|
0-0: Ball Pickoff Throw to First - Out! 1-3
|
Top of the 5th over - 0 runs, 1 hit, 0 errors, 0 left on base; Los Angeles (NYP) 4 - West Virginia 1 |
BOTTOM OF THE 5TH |
West Virginia Black Bears batting - Pitching for Los Angeles (NYP) Dodgers : RHP Derek Ziolkowski
|
Batting: RHB Etsuro Hosokawa
|
0-0: Ball 1-0: SINGLE (Line Drive, 4MD, EV 104.4 MPH)
|
Batting: RHB Brandon White
|
0-0: Called Strike 0-1: Called Strike 0-2: Fly out, F9 (Line Drive, 89M, EV 95.6 MPH)
|
Batting: LHB Josh Aerni
|
0-0: Called Strike 0-1: Ball 1-1: Called Strike Etsuro Hosokawa steals 2nd base 1-2: Foul Ball, location: 2F 1-2: Fly out, F8 (Flyball, 89S, EV 88.1 MPH)
|
Batting: RHB Rick Pittman
|
0-0: Ball 1-0: Ball 2-0: Called Strike 2-1: Foul Ball, location: 2F 2-2: Foul Ball, location: 2F 2-2: Hit by Pitch
|
Pitching: RHP Gustavo Amparo
|
|
Batting: LHB Ruben Garza
|
0-0: Hit by Pitch Etsuro Hosokawa to third Rick Pittman to second
|
Pinch Hitting: LHB Dustin Herman
|
0-0: Ball 1-0: Ball 2-0: Foul Ball, location: 2F 2-1: Swinging Strike 2-2: SINGLE (Line Drive, 9LS, EV 105.6 MPH) Etsuro Hosokawa scores Rick Pittman to third Ruben Garza to second
|
Batting: RHB Alex Arzate
|
0-0: Ball 1-0: Called Strike 1-1: SINGLE (Line Drive, 7LS, EV 108.8 MPH) Rick Pittman scores Ruben Garza to third Dustin Herman to second Runner from 3rd tries for Home, throw by LF and OUT! 7-2
|
Bottom of the 5th over - 2 runs, 3 hits, 0 errors, 2 left on base; Los Angeles (NYP) 4 - West Virginia 3 |
TOP OF THE 6TH |
Los Angeles (NYP) Dodgers batting - Pitching for West Virginia Black Bears : LHP Phil DeCamp
|
Now in CF: Dustin Herman
|
|
Batting: RHB Trevor Conklin
|
0-0: Ball 1-0: SINGLE (Groundball, 3D, EV 101.2 MPH)
|
Batting: RHB Carlos Talavera
|
0-0: Ball 1-0: Ball 2-0: Called Strike 2-1: Swinging Strike 2-2: Fly out, F8 (Flyball, 8LD, EV 93.8 MPH)
|
Pitching: RHP Hitoshi Yoshihara
|
|
Batting: RHB Ruben Serrata
|
0-0: Ball 1-0: Swinging Strike 1-1: Swinging Strike 1-2: Fielders Choice at 2nd, 6-4 (Groundball, 6, EV 99.4 MPH)
|
Batting: RHB Nick Massengale
|
0-0: SINGLE (Groundball, 4M, EV 106.9 MPH) (infield hit) Ruben Serrata to second
|
Batting: LHB Jose Mojica
|
0-0: SINGLE (Flyball, 56D, EV 85.0 MPH) Ruben Serrata to third Nick Massengale to second Runner from 3rd tries for Home, SAFE, throw by LF to home
|
Batting: RHB Roberto Monzon
|
0-0: Ball 1-0: Fielders Choice at 2nd, 6-4 (Groundball, 6, EV 85.0 MPH)
|
Top of the 6th over - 1 run, 3 hits, 0 errors, 2 left on base; Los Angeles (NYP) 5 - West Virginia 3 |
BOTTOM OF THE 6TH |
West Virginia Black Bears batting - Pitching for Los Angeles (NYP) Dodgers : RHP Gustavo Amparo
|
Pinch Hitting: LHB Joe Wise
|
0-0: Ball 1-0: Ground out 4-3 (Groundball, 4, EV 80.6 MPH)
|
Batting: LHB Gregg Kellerman
|
0-0: Ball 1-0: Called Strike 1-1: Foul Ball, location: 2F 1-2: Ball 2-2: Foul Ball, location: 2F 2-2: Foul Ball, location: 2F 2-2: Foul Ball, location: 2F 2-2: SINGLE (Groundball, 4MD, EV 111.2 MPH)
|
Batting: RHB Etsuro Hosokawa
|
0-0: Called Strike 0-1: Ball 1-1: Called Strike 1-2: Fielders Choice at 2nd, 1-6 (Groundball, 23, EV 69.4 MPH)
|
Batting: RHB Brandon White
|
0-0: Ball 1-0: Called Strike 1-1: Called Strike 1-2: Ball Etsuro Hosokawa is caught stealing 2nd base 2-4
|
Bottom of the 6th over - 0 runs, 1 hit, 0 errors, 0 left on base; Los Angeles (NYP) 5 - West Virginia 3 |
TOP OF THE 7TH |
Los Angeles (NYP) Dodgers batting - Pitching for West Virginia Black Bears : RHP Hitoshi Yoshihara
|
Now at 3B: Jaime Dubicki
|
|
Batting: RHB Justin Anastasio
|
0-0: Called Strike 0-1: Ball 1-1: Called Strike 1-2: Strikes out looking
|
Batting: SHB Nate Kopchak
|
0-0: Called Strike 0-1: Ball 1-1: Ball 2-1: SINGLE (Groundball, 34D, EV 103.8 MPH)
|
Batting: RHB Dave Cordero
|
0-0: Called Strike 0-1: Ball 1-1: Fly out, F3 (Popup, 34S, EV 65.6 MPH)
|
Batting: RHB Trevor Conklin
|
0-0: Called Strike 0-1: Foul Ball, location: 2F 0-2: Ball 1-2: Ball 2-2: Foul Ball, location: 2F 2-2: Strikes out swinging
|
Top of the 7th over - 0 runs, 1 hit, 0 errors, 1 left on base; Los Angeles (NYP) 5 - West Virginia 3 |
BOTTOM OF THE 7TH |
West Virginia Black Bears batting - Pitching for Los Angeles (NYP) Dodgers : RHP Gustavo Amparo
|
Batting: RHB Brandon White
|
0-0: Swinging Strike 0-1: Swinging Strike 0-2: Strikes out looking
|
Batting: LHB Josh Aerni
|
0-0: Called Strike 0-1: Called Strike 0-2: Foul Ball, location: 2F 0-2: Ball 1-2: Strikes out swinging
|
Batting: RHB Rick Pittman
|
0-0: Called Strike 0-1: Called Strike 0-2: Ball 1-2: Foul Ball, location: 2F 1-2: Ball 2-2: Strikes out swinging
|
Bottom of the 7th over - 0 runs, 0 hits, 0 errors, 0 left on base; Los Angeles (NYP) 5 - West Virginia 3 |
TOP OF THE 8TH |
Los Angeles (NYP) Dodgers batting - Pitching for West Virginia Black Bears : RHP Hitoshi Yoshihara
|
Batting: RHB Carlos Talavera
|
0-0: Foul Ball, location: 2F 0-1: SINGLE (Groundball, 6MD, EV 101.9 MPH)
|
Batting: RHB Ruben Serrata
|
0-0: Called Strike 0-1: Ball 1-1: Swinging Strike 1-2: Ball 2-2: Ball 3-2: SINGLE (Groundball, 6MD, EV 96.2 MPH) Carlos Talavera to second
|
Pitching: RHP Frank Morris
|
|
Batting: RHB Nick Massengale
|
0-0: Called Strike 0-1: Foul Ball, location: 2F 0-2: Fly out, F7 (Flyball, 7, EV 84.4 MPH)
|
Batting: LHB Jose Mojica
|
0-0: Ball 1-0: Fly out, F8 (Line Drive, 8LM, EV 91.2 MPH)
|
Batting: RHB Roberto Monzon
|
0-0: Ball 1-0: Called Strike 1-1: Foul Ball, location: 2F 1-2: Fielders Choice at 2nd, 6-4 (Groundball, 6, EV 103.1 MPH)
|
Top of the 8th over - 0 runs, 2 hits, 0 errors, 2 left on base; Los Angeles (NYP) 5 - West Virginia 3 |
BOTTOM OF THE 8TH |
West Virginia Black Bears batting - Pitching for Los Angeles (NYP) Dodgers : RHP Gustavo Amparo
|
Batting: LHB Ruben Garza
|
0-0: Called Strike 0-1: Ball 1-1: Swinging Strike 1-2: Strikes out looking
|
Batting: LHB Dustin Herman
|
0-0: Ball 1-0: Foul Ball, location: 2F 1-1: Ball 2-1: Ball 3-1: Base on Balls
|
Batting: RHB Alex Arzate
|
0-0: Ball 1-0: Foul Ball, location: 2F 1-1: Foul Ball, location: 2F 1-2: Foul Ball, location: 2F 1-2: Strikes out looking
|
Pitching: RHP Troy Conners
|
|
Pinch Hitting: LHB Tomohiro Yokoyama
|
0-0: SINGLE (Groundball, 34D, EV 93.8 MPH) Dustin Herman to second
|
Pinch Runner at 2nd Melvin Durland:
|
|
Batting: LHB Gregg Kellerman
|
0-0: Called Strike 0-1: Ball 1-1: Ground out 4-3 (Groundball, 4, EV 93.1 MPH)
|
Bottom of the 8th over - 0 runs, 1 hit, 0 errors, 2 left on base; Los Angeles (NYP) 5 - West Virginia 3 |
TOP OF THE 9TH |
Los Angeles (NYP) Dodgers batting - Pitching for West Virginia Black Bears : RHP Frank Morris
|
Now at 3B: Chris Arroyo
|
|
Now in CF: Melvin Durland
|
|
Batting: RHB Justin Anastasio
|
0-0: Called Strike 0-1: Swinging Strike 0-2: Ball 1-2: Foul Ball, location: 2F 1-2: Strikes out swinging
|
Batting: SHB Nate Kopchak
|
0-0: Ball 1-0: Ball 2-0: Foul Ball, location: 2F 2-1: Ball 3-1: Base on Balls
|
Batting: RHB Dave Cordero
|
0-0: Fielders Choice at 2nd, 4-6 (Groundball, 4, EV 85.6 MPH)
|
Batting: RHB Trevor Conklin
|
0-0: Fly out, F9 (Flyball, 9LM, EV 90.0 MPH)
|
Top of the 9th over - 0 runs, 0 hits, 0 errors, 1 left on base; Los Angeles (NYP) 5 - West Virginia 3 |
BOTTOM OF THE 9TH |
West Virginia Black Bears batting - Pitching for Los Angeles (NYP) Dodgers : RHP Troy Conners
|
Batting: RHB Etsuro Hosokawa
|
0-0: SINGLE (Groundball, 56, EV 85.0 MPH) (infield hit)
|
Pinch Runner at 1st Ronnie Brooks:
|
|
Batting: RHB Brandon White
|
0-0: Called Strike 0-1: Hit by Pitch Ronnie Brooks to second
|
Pinch Runner at 2nd Dave Fredericks:
|
|
Batting: LHB Josh Aerni
|
0-0: Swinging Strike 0-1: Foul Ball, location: 2F 0-2: Strikes out swinging
|
Batting: RHB Rick Pittman
|
0-0: Called Strike 0-1: Swinging Strike 0-2: Foul Ball, location: 2F 0-2: Strikes out swinging
|
Batting: LHB Ruben Garza
|
0-0: Ball 1-0: Ball 2-0: Ball 3-0: Base on Balls Dave Fredericks to third Brandon White to second
|
Batting: RHB Melvin Durland
|
0-0: Called Strike 0-1: Foul Ball, location: 2F 0-2: Ball 1-2: Foul Ball, location: 2F 1-2: SINGLE (Groundball, 56D, EV 105.6 MPH) Dave Fredericks scores Brandon White to third Ruben Garza to second Runner from 3rd tries for Home, SAFE, throw by LF to home
|
Batting: RHB Alex Arzate
|
0-0: Called Strike 0-1: Fly out, F7 (Flyball, 7, EV 91.2 MPH)
|
Bottom of the 9th over - 2 runs, 2 hits, 0 errors, 2 left on base; Los Angeles (NYP) 5 - West Virginia 5 |
TOP OF THE 10TH |
Los Angeles (NYP) Dodgers batting - Pitching for West Virginia Black Bears : RHP Frank Morris
|
Pitching: RHP Xavier Stovall
|
|
Now in LF: Jeff Edwards
|
|
Batting: RHB Carlos Talavera
|
0-0: Called Strike 0-1: Foul Ball, location: 2F 0-2: SINGLE (Flyball, 9LS, EV 96.9 MPH)
|
Batting: RHB Ruben Serrata
|
0-0: Ball 1-0: Fly out, F8 (Flyball, 8LD, EV 90.0 MPH)
|
Pinch Hitting: SHB Nestor Ramirez
|
0-0: Foul Ball, location: 2F 0-1: Foul Ball, location: 2F 0-2: Strikes out swinging
|
Batting: LHB Jose Mojica
|
0-0: SINGLE (Groundball, 4, EV 104.4 MPH) Carlos Talavera to second
|
Batting: RHB Roberto Monzon
|
0-0: Called Strike 0-1: Swinging Strike 0-2: Strikes out swinging
|
Top of the 10th over - 0 runs, 2 hits, 0 errors, 2 left on base; Los Angeles (NYP) 5 - West Virginia 5 |
BOTTOM OF THE 10TH |
West Virginia Black Bears batting - Pitching for Los Angeles (NYP) Dodgers : RHP Troy Conners
|
Pitching: RHP Matt Hager
|
|
Now in RF: Roberto Lemus
|
|
Batting: RHB Chris Arroyo
|
0-0: Ball 1-0: Called Strike 1-1: Ball 2-1: Swinging Strike 2-2: Fly out, F8 (Flyball, 8RM, EV 84.4 MPH)
|
Pitching: LHP Cesar Vargas
|
|
Batting: LHB Gregg Kellerman
|
0-0: Called Strike 0-1: Ball 1-1: Ball 2-1: Called Strike 2-2: Foul Ball, location: 2F 2-2: Strikes out swinging
|
Pitching: LHP Terry LaPlante
|
|
Batting: RHB Jeff Edwards
|
0-0: Called Strike 0-1: Ball 1-1: Ball 2-1: Foul Ball, location: 2F 2-2: Foul Ball, location: 2F 2-2: Ball 3-2: Strikes out swinging
|
Bottom of the 10th over - 0 runs, 0 hits, 0 errors, 0 left on base; Los Angeles (NYP) 5 - West Virginia 5 |
TOP OF THE 11TH |
Los Angeles (NYP) Dodgers batting - Pitching for West Virginia Black Bears : RHP Xavier Stovall
|
Batting: RHB Justin Anastasio
|
0-0: Ball 1-0: SOLO HOME RUN (Line Drive, 7D, EV 103.8 MPH), Distance : 397 ft
|
Batting: SHB Nate Kopchak
|
0-0: Called Strike 0-1: SOLO HOME RUN (Flyball, 7D, EV 105.0 MPH), Distance : 397 ft
|
Batting: RHB Dave Cordero
|
0-0: Ball 1-0: Foul Ball, location: 2F 1-1: Ball 2-1: Fly out, F9 (Flyball, 89M, EV 92.5 MPH)
|
Batting: RHB Trevor Conklin
|
0-0: Ball 1-0: Ball 2-0: Ball 3-0: Called Strike 3-1: Foul Ball, location: 2F 3-2: Base on Balls
|
Pitching: RHP Sakio Miyamoto
|
|
Batting: RHB Carlos Talavera
|
0-0: Called Strike 0-1: Foul Ball, location: 2F 0-2: Ball 1-2: Ball 2-2: Ball 3-2: Base on Balls Trevor Conklin to second
|
Batting: RHB Ruben Serrata
|
0-0: Ball 1-0: Ball 2-0: Ball 3-0: Called Strike 3-1: Base on Balls Trevor Conklin to third Carlos Talavera to second
|
Batting: RHB Roberto Lemus
|
0-0: Ball 1-0: Ball Wild Pitch! Trevor Conklin scores Carlos Talavera to third Ruben Serrata to second 2-0: Intentional Walk
|
Batting: LHB Jose Mojica
|
0-0: Foul Ball, location: 2F 0-1: Ball 1-1: Foul Ball, location: 2F 1-2: Ball 2-2: Ball 3-2: Fly out, F8 (Flyball, 78D, EV 100.6 MPH) Runner from 3rd tags up, SCORES, throw by CF
|
Batting: RHB Roberto Monzon
|
0-0: Ball Wild Pitch! Ruben Serrata to third Roberto Lemus to second 1-0: Called Strike 1-1: Called Strike 1-2: Strikes out looking
|
Top of the 11th over - 4 runs, 2 hits, 0 errors, 2 left on base; Los Angeles (NYP) 9 - West Virginia 5 |
BOTTOM OF THE 11TH |
West Virginia Black Bears batting - Pitching for Los Angeles (NYP) Dodgers : LHP Terry LaPlante
|
Batting: RHB Brandon White
|
0-0: Called Strike 0-1: Foul Ball, location: 2F 0-2: Ground out 6-3 (Groundball, 6, EV 103.8 MPH)
|
Batting: LHB Josh Aerni
|
0-0: SINGLE (Line Drive, 9S, EV 89.4 MPH)
|
Batting: RHB Rick Pittman
|
0-0: Foul Ball, location: 2F 0-1: Foul Ball, location: 2F 0-2: Ball 1-2: Ball 2-2: Fly out, F8 (Flyball, 8RM, EV 75.6 MPH)
|
Batting: LHB Ruben Garza
|
0-0: Called Strike 0-1: Ball 1-1: Swinging Strike 1-2: Ball 2-2: Ball 3-2: Strikes out swinging
|
Bottom of the 11th over - 0 runs, 1 hit, 0 errors, 1 left on base; Los Angeles (NYP) 9 - West Virginia 5 |
|